 Dungeon Crawl Stone Soup version 0.21.0-3-g78d12a8 (webtiles) character file.

173 MDvedh the Cleaver (level 5, -8/45 HPs)
             Began as a Hill Orc Monk on Jan 8, 2018.
             Mangled by a gnoll
             ... wielding a +3 flail
              (12 damage)
             ... on level 4 of the Dungeon.
             The game lasted 00:03:37 (3035 turns).

MDvedh the Cleaver (Hill Orc Monk)                  Turns: 3035, Time: 00:03:38

Health: -8/45      AC: 11    Str: 15    XL:     5   Next: 53%
Magic:  5/5        EV:  4    Int: 10    God:
Gold:   269        SH:  0    Dex: 13    Spells: 4/4 levels left

rFire    . . .     SeeInvis .   t - +0 war axe
rCold    . . .     Gourm    .   (no shield)
rNeg     . . .     Faith    .   g - +0 plate armour (curse)
rPois    .         Spirit   .   (no helmet)
rElec    .         Reflect  .   (no cloak)
rCorr    .         Harm     .   o - +0 pair of gloves
MR       .....                  (no boots)
Stlth    ..........             (no amulet)
HPRegen  0.15/turn              (no ring)
MPRegen  0.09/turn              (no ring)

@: no status effects
A: no striking features
a: no special abilities


You were on level 4 of the Dungeon.
You were not hungry.

You visited 1 branch of the dungeon, and saw 4 of its levels.

You collected 269 gold pieces.

Inventory:

Hand Weapons
 a - a +0 hand axe
 t - a +0 war axe (weapon)
Armour
 g - a cursed +0 plate armour (worn)
 o - a +0 pair of gloves (worn)
Jewellery
 m - an uncursed ring of stealth {unknown}
 r - an uncursed amulet of faith {unknown}
Scrolls
 d - a scroll of remove curse {unknown}
 f - 2 scrolls of enchant weapon {unknown}
 j - a scroll of magic mapping {unknown}
 k - 4 scrolls of identify {unknown}
 l - a scroll of teleportation {unknown}
 p - a scroll of enchant armour {unknown}
Potions
 b - a potion of agility {unknown}
 e - a potion of might {unknown}
 h - 3 potions of heal wounds {unknown}
 i - a potion of lignification {unknown}
 n - a potion of cancellation {unknown}
 q - a potion of invisibility {unknown}
 s - a potion of curing {unknown}
Comestibles
 c - 7 rations
 u - a chunk of flesh


   Skills:
 - Level 3.6 Fighting
 + Level 8.0 Axes
 - Level 2.4 Dodging
 - Level 1.5 Stealth


You had 4 spell levels left.
You didn't know any spells.

Dungeon Overview and Level Annotations

Branches:
Dungeon (4/15)
 Temple: D:4-7

Altars:
Ru
Xom


Message History

You hear the rusting of a very distant drain.
The gnoll barely misses you.
There is a stone staircase leading up, spattered with blood here.
You hit the worm.
The worm is moderately wounded.
You hit the gnoll but do no damage.
The gnoll hits you from afar with a halberd!
The gnoll hits you with an enchanted flail.
The worm bites you!
Unknown command.
You slash the worm!
The worm is almost dead.
You closely miss the gnoll.
The gnoll hits you from afar with a halberd!
The gnoll hits you with an enchanted flail!
* * * LOW HITPOINT WARNING * * *
The worm bites you but does no damage. The gnoll hits you but does no damage.
The gnoll hits you with an enchanted flail!
You die...

##...#........)g
#.......#.###.†#
#)..(...>......###
#.........##.....
#................
#.w......###..... ###
##.g..g..w........
....###..########'''####
.......@.# ######...####
.(.....wg# #§§§##...#§§§
.........# .§§§.#.≈.#§§§
........## §.§§§#...#§§§
........# .§§§§#...#..§
....[...# #...##...#§§§
........# ######...####
##......# #.......


You could see 2 worms and 2 gnolls.

Vanquished Creatures
  A worker ant (D:4)
  2 gnolls (D:3)
  7 adders
  A worm (D:3)
  A dart slug (D:1)
  2 orcs (D:3)
  12 giant cockroaches (D:3)
  6 goblins
  5 hobgoblins
  6 jackals
  5 kobolds
  2 ball pythons
  3 bats (D:2)
  3 frilled lizards
  2 rats (D:1)
58 creatures vanquished.

Vanquished Creatures (others)
  The ghost of Amaterasu the Skirmisher, an amateur DrMo (D:4)
1 creature vanquished.

Grand Total: 59 creatures vanquished

Notes
Turn   | Place    | Note
-------+----------+-------------------------------------------
     0 | D:1      | MDvedh the Hill Orc Monk began the quest for the Orb.
     0 | D:1      | Reached XP level 1. HP: 19/19 MP: 1/1
   243 | D:1      | Reached XP level 2. HP: 21/26 MP: 2/2
   575 | D:1      | Reached skill level 5 in Axes
  1082 | D:2      | Reached XP level 3. HP: 24/31 MP: 3/3
  1263 | D:2      | Reached skill level 6 in Axes
  1650 | D:2      | Found a sacrificial altar of Ru.
  1704 | D:2      | Reached XP level 4. HP: 34/39 MP: 4/4
  2343 | D:3      | Reached skill level 7 in Axes
  2610 | D:3      | Reached XP level 5. HP: 41/45 MP: 5/5
  2612 | D:3      | Found a shimmering altar of Xom.
  2798 | D:4      | Killed Amaterasu's ghost
  2855 | D:3      | Reached skill level 8 in Axes
  3035 | D:4      | Mangled by a gnoll

Skill      XL: |  1  2  3  4  5 |
---------------+----------------+-----
Axes           | 5 6 7 8 |  8.0
Fighting       | |  3.6
Dodging        | |  2.4
Stealth        | |  1.5

Action                   |  1- 3 |  4- 6 || total
-------------------------+-------+-------++-------
Melee: Hand axe          |   113 |   104 ||   217
       War axe           |       |     2 ||     2
  Eat: Chunk             |     2 |     5 ||     7
Armor: Scale mail        |    12 |       ||    12
       Plate armour      |    97 |    74 ||   171
Dodge: Dodged            |    24 |    30 ||    54
